 BcadrenCrawl: Boulder Brew version 0.05.4-52-gbd2e00ed8b (webtiles) character file.

Game seed: 16688277974405316963, levelgen mode: deterministic

2 namelastname112 the Dualist (level 1, 0/14 HPs) Immature Draconian Priest. Began on Apr 19, 2022. Was a Believer of Bahamut & Tiamat. Slain by a kobold ... wielding a +0 dagger (6 damage) ... on level 1 of the Dungeon. The game lasted 00:00:24 (32 turns).

namelastname112 the Dualist (DrPr)                    Turns: 32, Time: 00:00:25

Health: 0/14       AC:  5    Str: 12    XL:     1 ^: 8
Magic:  3/3        EV: 12    Int: 10    God:    Bahamut & Tiamat [2* [52]]
Gold:   0          SH:  0    Dex: 14    Spells: 0/0 levels left

rFire    . . .     Vision   .     - Unarmed
rCold    . . .     Gourm    .     - Unarmed
rNeg     . . .     Faith    .   (armour unavailable)
rCorr    . . .     Spirit   .   (helmet restricted)
rPois    .         Reflect  .   (no cloak)
rElec    .         Harm     .   (no gloves)
MR       .....                  (no boots)
Stlth    ++........             (no amulet)
HPRegen  0.14/turn              (no ring)
MPRegen  0.13/turn              (no ring)

@: no status effects
A: deformed body 2, cold-blooded, AC +5
a: Breathe Dart, Enhanced Breath, Renounce Religion


You were on level 1 of the Dungeon.
You worshipped Bahamut & Tiamat.
Bahamut & Tiamat was pleased with you.
You were not hungry.

You visited 1 branch of the dungeon, and saw 1 of its levels.
You also visited: Temple.

Inventory:

Comestibles
 a - a ration


   Skills:
 + Level 0.2 Fighting
 + Level 1.6 Dodging
 - Level 1.4 Stealth
 * Level 2.7 Unarmed Combat
 + Level 4.0 Invocations


You couldn't memorise any spells.
You didn't know any spells.
Your spell library was empty.

Dungeon Overview and Level Annotations

Branches:
Dungeon (1/8)

Altars:


Innate Abilities, Weirdness & Mutations

Your plain brown scales are resilient. (AC +5)
You can breathe rudimentary magical darts.
You cannot wear any armour on your peculiar form.
You are cold-blooded and are slowed more easily by cold attacks.


Message History

You hit the kobold but do no damage. You hit the kobold (2).
Your tail-slap misses the kobold.
The kobold is heavily wounded. (2/4) HP The bat hits you but does no damage.
The goblin hits you with a +0 dagger (4).
There is an open door here.
The bat hits you (1).
There is a staircase leading out of the dungeon here.
You are too injured to fight recklessly!
You are too injured to fight recklessly!
You hit the goblin (2). You hit the goblin (3).
You kill the goblin!
Tiamat appreciates your kill.
You hit the bat but do no damage. You hit the bat (1).
Your tail-slap misses the bat.
The bat is moderately wounded. (2/3) HP The bat hits you (2).
The bat barely misses you (0).
The kobold hits you with a +0 dagger (6).
You die...

#####+#####
###.........###
#.....bK..⌠...#
#.....†#@#...⌠.
+.....##<# ...
+..... #># .
#..⌠[ #+# ##...
###


You could see a bat and a kobold.

Vanquished Creatures
  A bat (D:1)
  A goblin (D:1)
2 creatures vanquished.

Notes
Turn   | Place    | Note
-------+----------+-------------------------------------------
     0 | Start Te | namelastname112 the Immature Draconian Priest began the
                  | quest for the Orb.
     0 | Start Te | Reached XP level 1. HP: 14/14 MP: 3/3
     0 | Start Te | Found a sparkling altar of Nemelex Xobeh.
     1 | Start Te | Found a basalt altar of Yredelemnul.
     1 | Start Te | Found a white marble altar of Elyvilon.
     2 | Start Te | Found an iron altar of Okawaru.
     3 | Start Te | Found a glowing silver altar of Zin.
     3 | Start Te | Found a blossoming altar of Fedhas.
     4 | Start Te | Found a stormy altar of Qazlal.
     5 | Start Te | Found a glowing golden altar of the Shining One.
     5 | Start Te | Found an opulent altar of Gozag.
     6 | Start Te | Found a sacrificial altar of Ru.
     7 | Start Te | Found an ornate altar of Bahamut and Tiamat.
     7 | Start Te | Found a hazy altar of Hepliaklqana.
    15 | Start Te | Became a worshipper of Bahamut & Tiamat
    15 | Start Te | Reached * piety under Bahamut & Tiamat
    15 | Start Te | Reached ** piety under Bahamut & Tiamat
    32 | D:1      | Slain by a kobold

Levels and vault maps discovered:
D:1:      dpeg_arrival_refuge, layout_rooms

Action                   || total
-------------------------++-------
Melee: Unarmed           ||    12
Invok: Choose Bahamut's  ||     1
       Choose Bahamut's  ||     1
Armor: Skin              ||     5
Dodge: Dodged            ||     2
